 Dungeon Crawl Stone Soup version 0.27.0-66-gdc8fb28755 (webtiles) character file.

Game seed: 18021449409966419197

40383 robertstho the Fighter (level 13, -4/125 HPs)
             Began as a White Draconian Berserker on Aug 19, 2021.
             Was a High Priest of Trog.
             Slain by a blink frog (7 damage)
             ... while petrified by a catoblepas
             ... on level 4 of the Lair of Beasts.
             The game lasted 00:24:06 (13354 turns).

robertstho the Fighter (White Draconian Berserker) Turns: 13354, Time: 00:24:06

Health: -4/125     AC: 10    Str: 31    XL:     13   Next: 74%
Magic:  13/13      EV:  2    Int:  7    God:    Trog [*****.]
Gold:   768        SH:  0    Dex: 17    Spells: 12/12 levels left

rFire    . . .     SeeInvis .   A - +2 war axe (vamp)
rCold    + . .     Faith    .   (no shield)
rNeg     + + +     Spirit   .   (armour unavailable)
rPois    ∞         Reflect  .   (helmet restricted)
rElec    .         Harm     .   o - +0 cloak
rCorr    .         Rampage  .   w - +0 pair of gloves
Will     ++...                  (no boots)
Stlth    +++.......             s - amulet of regeneration
HPRegen  2.30/turn              t - +6 ring of dexterity
MPRegen  0.13/turn              p - +6 ring of strength

@: petrified, strong-willed, on berserk cooldown, regenerating, slowed
A: breathe frost, AC +8, unfitting armour, cold resistance 1, cold-blooded
a: Breathe Frost, Renounce Religion, Berserk, Trog's Hand, Brothers in Arms


You were on level 4 of the Lair of Beasts.
You worshipped Trog.
Trog was extremely pleased with you.
You visited 2 branches of the dungeon, and saw 14 of its levels.
You also visited: Ice Cave.

You collected 1252 gold pieces.
You spent 484 gold pieces at shops.

Inventory:

Hand Weapons
 a - a +0 hand axe
 u - a +2 hand axe of venom
 A - a +2 vampiric war axe (weapon)
 N - a +5 vorpal broad axe
Missiles
 y - 2 throwing nets (quivered)
Armour
 o - a +0 cloak (worn)
 w - a +0 pair of gloves (worn)
Jewellery
 l - an amulet of guardian spirit
 p - a +6 ring of strength (right hand)
 s - an amulet of regeneration (around neck)
 t - a +6 ring of dexterity (left hand)
 E - an amulet of the acrobat
 F - a ring of resist corrosion
 G - the ring of Vacsuet {rN+ Will+ Int+4 Dex-5}
   (You found it on level 7 of the Dungeon)

   [ring of willpower]

   Int:       It affects your intelligence (+4).
   Dex:       It affects your dexterity (-5).
   rN:        It protects you from negative energy.
   Will:      It increases your willpower.
Wands
 m - a wand of flame (13)
 v - a wand of iceblast (22)
 I - a wand of mindburst (11)
Scrolls
 c - 3 scrolls of enchant armour
 d - 2 scrolls of silence
 e - a scroll of blinking
 q - a scroll of immolation
 x - a scroll of magic mapping
 z - 4 scrolls of enchant weapon
 D - 3 scrolls of fog
 J - 2 scrolls of teleportation {unknown}
 K - a scroll of vulnerability
 L - a scroll of torment
 M - a scroll of acquirement {unknown}
Potions
 b - 4 potions of heal wounds
 f - 5 potions of flight
 g - 4 potions of attraction
 h - 3 potions of lignification
 i - 2 potions of mutation
 j - 3 potions of might
 n - 3 potions of curing
 r - 2 potions of haste
 B - 2 potions of magic
 C - a potion of cancellation
 O - a potion of resistance {unknown}
 P - a potion of berserk rage
Miscellaneous
 k - a lightning rod (4/4)
 H - a tin of tremorstones (2/2)


   Skills:
 * Level 14.4 Fighting
 + Level 14.0 Axes
 * Level 12.4 Dodging
 + Level 4.8 Stealth
 + Level 0.9 Evocations


You had 12 spell levels left.
You didn't know any spells.
Your spell library was empty.

Dungeon Overview and Level Annotations

Branches:
Dungeon (10/15)            Temple (0/1) D:4            Lair (4/6) D:8
  Snake (0/4) Lair:4        IceCv (visited)
  Swamp: Lair:2-4    Shoals: Lair:2-4       Orc: D:9-12

Altars:
Dithmenos
Gozag
Okawaru
Sif Muna
Xom
Yredelemnul

Shops:
D:6 !


Innate Abilities, Weirdness & Mutations

You can breathe waves of freezing cold which knock back foes.
Your icy white scales are hard. (AC +8)
You cannot fit into any form of body armour.
Your flesh is cold resistant. (rC+)
You are cold-blooded and may be slowed by cold attacks.


Message History

You are too injured to fight recklessly!
Unknown command.
You are too injured to fight recklessly!
Unknown command.
You are too injured to fight recklessly!
Unknown command.
You are too injured to fight recklessly!
Unknown command.
You are too injured to fight recklessly!
You completely miss the catoblepas.
You tail-slap the catoblepas, but do no damage.
The catoblepas is severely wounded.
You closely miss the blink frog.
You are engulfed in calcifying dust.
You are slowing down.
The blink frog hits you.
The blink frog blinks!
The catoblepas gores you!!
* * * LOW HITPOINT WARNING * * *
Unknown command.
Your skin crawls.
You feel strong-willed.
You are engulfed in calcifying dust.
Your limbs have turned to stone.
The blink frog hits you but does no damage.
The catoblepas breathes a plume of calcifying dust at you.
The blast of calcifying dust hits you but does no damage.
The blink frog hits you!
* * * LOW HITPOINT WARNING * * *
The catoblepas breathes a plume of calcifying dust at you.
The blast of calcifying dust hits you. The blink frog hits you!
* * * LOW HITPOINT WARNING * * *
You have turned to stone.
You are engulfed in calcifying dust.
The blink frog hits you!
* * * LOW HITPOINT WARNING * * *
The catoblepas breathes a plume of calcifying dust at you.
The blast of calcifying dust hits you.
* * * LOW HITPOINT WARNING * * *
The blink frog hits you!
* * * LOW HITPOINT WARNING * * *
The catoblepas gores you!
* * * LOW HITPOINT WARNING * * *
The blink frog hits you!
You die...

### #P.........##
#P...##...#.#
###.8..#...######
#.....#.....##.###
#8.<.8##P......P.####
#..... ######.....#.#
##...# #.........
#.#.### ####...####..
###?.Y@.###.##...#
##.
#....F†...#.###.## ##
....####†.....#..# #
.#. .^..##.#...#.#
........##..#.#
..8...8...#..#..
....<..F..#....##
..8...8...#..#P#
....?..F..#..###


You could see a catoblepas and a blink frog.

Vanquished Creatures
  A white draconian (IceCv)
  5 hydras
  3 two-headed ogres
  2 centaur warriors (D:9)
  6 death yaks
  The ghost of pikapanic92 the Skirmisher, a novice TrFi of Makhleb (D:7)
  An ugly thing (D:9)
  2 ice statues (IceCv)
  6 black mambas
  2 torpor snails
  4 cane toads
  6 rime drakes
  An unseen horror (D:9)
  4 trolls (D:10)
  A hornet (D:10)
  Prince Ribbit (D:6)
  6 blink frogs
  31 yaks
  A shadow (D:10)
  2 basilisks
  2 steam dragons (D:8)
  2 vampire mosquitoes (D:10)
  3 wyverns
  Edmund (D:6)
  20 water moccasins
  Duvessa (D:6)
  2 hornet zombies
  7 orc warriors
  4 black bears
  4 ice beasts
  2 ogres
  4 necrophages
  14 wolves
  5 centaurs
  2 phantoms
  3 kobold brigands
  16 bullfrogs
  A wyvern zombie (D:7)
  3 scorpions
  A wyvern skeleton (D:7)
  Dowan (D:6)
  2 water moccasin skeletons
  3 lindwurm simulacra (IceCv)
  3 killer bees (D:10)
  9 wights (D:7)
  A howler monkey (D:10)
  3 hounds
  9 centaur zombies
  A bullfrog zombie (D:7)
  7 komodo dragon simulacra (IceCv)
  6 orc priests
  A centaur skeleton (D:6)
  2 gnoll shamans
  Crazy Yiuf (D:2)
  3 iguanas
  6 orc wizards
  A centaur simulacrum (D:7)
  A hound skeleton (D:4)
  3 howler monkey zombies
  7 gnolls
  A howler monkey skeleton (D:7)
  5 acid dragon simulacra (IceCv)
  12 adders
  An ufetubus (D:4)
  6 steam dragon simulacra (IceCv)
  2 dart slugs
  13 orcs
  9 ball pythons
  9 endoplasms
  19 giant cockroaches
  4 goblins
  9 hobgoblins
  8 jackals
  21 kobolds
  3 quokkas
  7 bats
  4 frilled lizards
  5 rats (D:2)
391 creatures vanquished.

Vanquished Creatures (collateral kills)
  A sphinx (D:10)
  A hydra (Lair:2)
  An ice dragon (D:10)
  A centaur zombie (D:10)
  2 blink frogs (Lair:2)
  A vampire (D:7)
  A shadow (D:10)
  A wyvern (Lair:2)
  A yak (D:10)
  A bullfrog (Lair:2)
  A wight (D:10)
  An orc priest (D:10)
13 creatures vanquished.

Vanquished Creatures (others)
  A rime drake (IceCv)
  12 fungi
  13 plants
  4 toadstools (D:4)
30 creatures vanquished.

Grand Total: 434 creatures vanquished

Notes
Turn   | Place    | Note
-------+----------+-------------------------------------------
     0 | D:1      | robertstho the Draconian Berserker began the quest for the
                  | Orb.
     0 | D:1      | Reached XP level 1. HP: 19/19 MP: 1/1
    55 | D:1      | Found a faded altar of an unknown god.
   262 | D:1      | Reached XP level 2. HP: 26/26 MP: 2/2
  1271 | D:2      | Reached XP level 3. HP: 33/33 MP: 3/3
  1598 | D:2      | Reached ** piety under Trog
  1988 | D:2      | Reached XP level 4. HP: 37/40 MP: 4/4
  2245 | D:2      | Found a runed translucent door.
  2246 | D:2      | Noticed Crazy Yiuf
  2497 | D:2      | Killed Crazy Yiuf
  2567 | D:3      | Reached skill level 1 in Stealth
  2802 | D:3      | Reached XP level 5. HP: 38/46 MP: 5/5
  3111 | D:3      | Reached *** piety under Trog
  3190 | D:3      | Found a glowing drain.
  3758 | D:4      | Found a staircase to the Ecumenical Temple.
  4199 | D:4      | Found a shimmering altar of Xom.
  4346 | D:4      | Reached XP level 6. HP: 12/53 MP: 6/6
  4645 | D:5      | Entered Level 5 of the Dungeon
  4714 | D:5      | Found a basalt altar of Yredelemnul.
  4714 | D:5      | Found a shadowy altar of Dithmenos.
  4715 | D:5      | Noticed an ice beast
  4755 | D:5      | Killed an ice beast
  4756 | D:5      | Reached skill level 5 in Axes
  4761 | D:5      | Reached skill level 5 in Dodging
  4761 | D:5      | Your scales start taking on an icy white colour.
  4761 | D:5      | Reached XP level 7. HP: 60/60 MP: 7/7
  4761 | D:5      | Gained mutation: Your flesh is cold resistant. (rC+) [White
                  | Draconian growth]
  5021 | D:5      | Reached skill level 5 in Fighting
  5432 | D:6      | Noticed Prince Ribbit
  5446 | D:6      | Killed Prince Ribbit
  5447 | D:6      | Reached XP level 8. HP: 41/70 MP: 8/8
  5800 | D:6      | Found Nemepeh's Distillery.
  5812 | D:6      | Bought a potion of magic for 88 gold pieces
  5812 | D:6      | Bought a potion of might for 44 gold pieces
  5812 | D:6      | Bought a potion of attraction for 33 gold pieces
  5812 | D:6      | Bought a potion of heal wounds for 55 gold pieces
  5812 | D:6      | Bought a potion of cancellation for 88 gold pieces
  5812 | D:6      | Bought a potion of lignification for 33 gold pieces
  5812 | D:6      | Bought a potion of flight for 33 gold pieces
  5812 | D:6      | Bought a potion of curing for 33 gold pieces
  5812 | D:6      | Bought a potion of brilliance for 44 gold pieces
  5812 | D:6      | Bought a potion of curing for 33 gold pieces
  5828 | D:6      | Noticed Dowan
  5829 | D:6      | Noticed Duvessa
  5837 | D:6      | Killed Dowan
  5844 | D:6      | Killed Duvessa
  5845 | D:6      | Reached XP level 9. HP: 78/78 MP: 9/9
  5860 | D:6      | Noticed Edmund
  5867 | D:6      | Killed Edmund
  5876 | D:6      | Found a shimmering blue altar of Sif Muna.
  5996 | D:7      | Reached **** piety under Trog
  6297 | D:7      | Found a runed translucent gate.
  6297 | D:7      | Found a runed translucent gate.
  6297 | D:7      | Found a runed translucent gate.
  6298 | D:7      | Noticed pikapanic92's ghost (novice TrFi)
  6894 | D:7      | Killed pikapanic92's ghost
  6895 | D:7      | Reached XP level 10. HP: 45/90 MP: 10/10
  6903 | D:7      | Identified the ring of Vacsuet {rN+ Will+ Int+4 Dex-5}
  6993 | D:8      | Found a staircase to the Lair.
  7060 | D:8      | Reached ***** piety under Trog
  7408 | D:8      | Identified the +9 demon trident of the Lusting Jester
                  | {venom, rElec rN+ Int+4 Dex-3}
  7668 | D:9      | Received a gift from Trog
  7768 | D:9      | Noticed a centaur warrior
  7768 | D:9      | Noticed a brown ugly thing
  7768 | D:9      | Noticed a centaur warrior
  7768 | D:9      | Noticed a two-headed ogre
  7777 | D:9      | Killed a two-headed ogre
  7778 | D:9      | Reached skill level 10 in Axes
  7782 | D:9      | Killed a brown ugly thing
  7788 | D:9      | Killed a centaur warrior
  7789 | D:9      | Reached skill level 10 in Fighting
  7789 | D:9      | Killed a centaur warrior
  7918 | D:9      | Reached XP level 11. HP: 46/99 MP: 11/11
  8228 | D:10     | Entered Level 10 of the Dungeon
  8473 | D:10     | Found an iron altar of Okawaru.
  8541 | D:10     | Found an opulent altar of Gozag.
  8542 | D:10     | Noticed a two-headed ogre
  8555 | D:10     | Killed a two-headed ogre
  8904 | D:10     | Noticed a two-headed ogre
  8917 | D:10     | Killed a two-headed ogre
  8944 | D:10     | Noticed a sphinx
  8945 | D:10     | Noticed an ice dragon
  8952 | D:10     | Reached skill level 10 in Dodging
  8962 | D:10     | Paralysed by a sphinx for 2 turns
  8983 | D:10     | Killed a sphinx
  8991 | D:10     | Killed an ice dragon
  8992 | D:10     | Reached XP level 12. HP: 92/111 MP: 12/12
  9234 | Lair:1   | Entered Level 1 of the Lair of Beasts
  9841 | Lair:1   | Noticed a five-headed hydra
  9855 | Lair:1   | Killed a 16-headed hydra
 10232 | Lair:2   | Noticed a six-headed hydra
 10255 | Lair:2   | Killed a six-headed hydra
 10421 | Lair:2   | Noticed an eight-headed hydra
 10428 | Lair:2   | Killed an eight-headed hydra
 10434 | Lair:2   | Noticed a death yak
 10447 | Lair:2   | Killed a death yak
 10865 | Lair:3   | Noticed a five-headed hydra
 10938 | Lair:3   | Noticed an eight-headed hydra
 10986 | Lair:2   | Killed a ten-headed hydra
 11041 | Lair:3   | Reached XP level 13. HP: 122/122 MP: 13/13
 11066 | Lair:3   | Found a frozen archway.
 11078 | IceCv    | Entered an ice cave
 11683 | IceCv    | Noticed a white draconian
 11711 | IceCv    | Killed a white draconian
 12812 | Lair:4   | Received a gift from Trog
 12824 | Lair:4   | Found a staircase to the Snake Pit.
 13354 | Lair:4   | HP: 3/125 [catoblepas (4)]
 13354 | Lair:4   | Slain by a blink frog

Illustrated notes

Levels and vault maps discovered:
D:1:      dpeg_arrival_houses_and_road, layout_basic,
          ebering_ecumenical_altar_abandoned
D:2:      minmay_razor_zed, layout_basic, minmay_stone_trees_small,
          uniq_crazy_yiuf_cottage
D:3:      minmay_roachtagon, layout_basic, gup_sewer_entry_glass,
          minmay_quadrilaterals
D:4:      layout_basic, mainiacjoe_overflow_catwalk, minmay_temple_entry_ruins,
          minmay_gold_behind_fungi, solitary_fountain, nrook_campfire,
          grunt_ministairs_8
D:5:      layout_gridville, jmf_multi_god_temple
D:6:      layout_basic, nicolae_sif_muna_little_library, serial_shops, shop,
          moated_statue, uniq_prince_ribbit1, uniq_edmund, uniq_duvessa
D:7:      minmay_clustersquares, layout_cave_pools, gammafunk_ghost_necromancy,
          kennysheep_generic_room_16
D:8:      layout_loops_ring, lair_entry_dummy, serial_glass, glass_columns_a,
          glass_columns_c
D:9:      layout_cave_pools, chequers_serial_rivers_large_b, minmay_radiant
D:10:     nzn_winding_woodlands_stair_cross [nzn_winding_woodlands_5x15_pool,
          nzn_winding_woodlands_center_triple_pond,
          nzn_winding_woodlands_5x15_zeroes,
          nzn_winding_woodlands_5x5_closed_star,
          nzn_winding_woodlands_hourglass, nzn_winding_woodlands_5x15_parted,
          nzn_winding_woodlands_center_garden,
          nzn_winding_woodlands_5x15_sawtooth], layout_basic,
          grunt_gozag_statues, mainiacjoe_overflow_boulevard,
          kennysheep_generic_room_15
Lair:1:   layout_regular_city, grunt_megastairs_1, infiniplex_staircase_pool
Lair:2:   layout_big_grid, serial_bayou_shore_a, grunt_megastairs_5
Lair:3:   layout_gridlike, portal_ice_cave_rime, minivault_26,
          guppyfry_lair_drakes, grunt_megastairs_4, serial_bayou_shore_b,
          serial_bayou_shore_b
Lair:4:   layout_cave_pods, swamp_mist, minmay_snake_entry_six_corridors,
          grunt_megastairs_2, lemuel_fruit_tree

Skill      XL: |  1  2  3  4  5  6  7  8  9 10 11 12 13 |
---------------+----------------------------------------+-----
Dodging        | 3 4 5 6 8 9 10 11 12 | 12.4
Fighting       | 4 5 6 8 10 11 13 14 | 14.4
Axes           | 4 5 6 7 9 10 12 13 14 | 14.0
Stealth        | 1 2 3 4 |  4.8
Evocations     | |  0.9

Action                   |  1- 3 |  4- 6 |  7- 9 | 10-12 | 13-15 || total
-------------------------+-------+-------+-------+-------+-------++-------
Melee: Hand axe          |   132 |   207 |   160 |       |       ||   499
       Tailslap          |    10 |    30 |    48 |   111 |    55 ||   254
       War axe           |       |       |   113 |   503 |   227 ||   843
Invok: Berserk           |       |     2 |     6 |    14 |    10 ||    32
       Brothers in Arms  |       |       |     1 |     4 |       ||     5
       Trog's Hand       |       |       |       |     3 |     1 ||     4
 Abil: Breathe Frost     |       |       |     3 |     1 |     1 ||     5
Evoke: Wand              |       |       |       |     4 |       ||     4
       Lightning rod     |       |       |       |     4 |       ||     4
       Tin of tremorston |       |       |       |     2 |       ||     2
  Use: Scroll            |       |     5 |     2 |    11 |     2 ||    20
       Potion            |       |       |     1 |     4 |       ||     5
 Stab: Sleeping          |     4 |     6 |     4 |     8 |     2 ||    24
       Petrified         |       |       |       |       |     1 ||     1
Armor: Skin              |    48 |    97 |    94 |   262 |    78 ||   579
Dodge: Dodged            |    94 |   169 |   219 |   695 |   194 ||  1371
